 Dungeon Crawl Stone Soup version 0.30.1-11-g7821555f0a (webtiles) character file.

Game seed: 10301362373294495096

14923 lonewolfV2 the Blocker (level 12, -11/98 HPs)
             Began as a Formicid Fighter on Nov 15, 2023.
             Was a Priest of Qazlal.
             Killed from afar by a ynoxinul (19 damage)
             ... with an iron shot
             ... summoned by a deep elf demonologist
             ... on level 12 of the Dungeon.
             The game lasted 00:27:36 (11939 turns).

lonewolfV2 the Blocker (Formicid Fighter)          Turns: 11939, Time: 00:27:36

Health: -11/98     AC: 19    Str: 23    XL:     12   Next: 51%
Magic:  12/12      EV:  8    Int:  9    God:    Qazlal [***...]
Gold:   957        SH: 16    Dex: 15    Spells: 11/11 levels left

rFire   . . .        s - +6 shillelagh "Devastator" {shatter}
rCold   . . .        c - +0 buckler
rNeg    . . .        w - +4 chain mail
rPois   .            (helmet unavailable)
rElec   .            (no cloak)
rCorr   .            v - +0 pair of gloves
SInv    +            y - +0 pair of boots
Will    +....        A - amulet of reflection Stlth
                     (no ring)
HPRegen 0.36/turn    (no ring)
MPRegen 0.13/turn

%: reflection
@: marked, studying Shields, invisible, very slow
A: permanent stasis, dig shafts and tunnels, antennae 3, four strong arms
a: Dig, Shaft Self, Renounce Religion, Upheaval, Elemental Force


You were on level 12 of the Dungeon.
You worshipped Qazlal.
Qazlal was most pleased with you.
You visited 2 branches of the dungeon, and saw 13 of its levels.
You also visited: Bailey.

You collected 957 gold pieces.

Inventory:

Hand Weapons
 a - a +1 heavy war axe
 s - the +6 shillelagh "Devastator" (weapon) {shatter}
   (You found it on level 7 of the Dungeon)
 G - the +3 war axe of Kironax {drain, +Blink}
   (You found it on level 11 of the Dungeon)

   +Blink:    It lets you blink.
Armour
 c - a +0 buckler (worn)
 v - a +0 pair of gloves (worn)
 w - a +4 chain mail (worn)
 y - a +0 pair of boots (worn)
 z - a +0 pair of gloves
Jewellery
 i - an amulet of magic regeneration
 o - a ring of willpower
 q - an amulet of regeneration
 A - an amulet of reflection (around neck)
Wands
 j - a wand of mindburst (6)
 t - a wand of paralysis (10)
 u - a wand of flame (24)
 D - a wand of quicksilver (5)
Scrolls
 b - 10 scrolls of identify
 e - 5 scrolls of blinking
 l - 3 scrolls of amnesia
 p - a scroll of vulnerability
 r - 3 scrolls of fog
 B - 3 scrolls of poison
Potions
 f - 5 potions of brilliance
 g - 4 potions of flight
 h - 4 potions of lignification
 m - 4 potions of degeneration
 n - 3 potions of haste
 C - 3 potions of mutation {unknown}
 F - 3 potions of attraction {unknown}
Miscellaneous
 x - a box of beasts (inert)


   Skills:
 * Level 10.4 Fighting
 - Level 6.1(9.0) Axes
 - Level 10.1(10.8) Maces & Flails
 - Level 12.3 Armour
 - Level 13.5 Shields


You had 11 spell levels left.
You didn't know any spells.
Your spell library contained the following spells:

 Spells                   Type           Power      Damage    Failure   Level
 Apportation              Tloc           0%         N/A       88%         1
 Necrotise                Necr           0%         1d4       88%         1
 Summon Small Mammal      Summ           0%         N/A       88%         1
 Lesser Beckoning         Tloc           0%         N/A       95%         2
 Momentum Strike          Conj/Tloc      0%         3d8       95%         2
 Gell's Gravitas          Tloc           0%         N/A       99%         3
 Inner Flame              Hex/Fire       0%         N/A       99%         3
 Mephitic Cloud           Conj/Pois/Air  0%         N/A       99%         3
 Teleport Other           Tloc           0%         N/A       99%         3
 Tukima's Dance           Hex            0%         N/A       99%         3
 Iskenderun's Mystic Bla  Conj/Tloc      0%         2d3       100%        4
 Passage of Golubria      Tloc           0%         N/A       100%        4
 Fireball                 Conj/Fire      0%         3d3       100%        5
 Iskenderun's Battlesphe  Conj           0%         2d6       100%        5
 Yara's Violent Unravell  Hex/Tmut       0%         3d3       100%        5
 Conjure Ball Lightning   Conj/Air       0%         3x3d6     100%        6
 Enfeeble                 Hex            0%         N/A       100%        7
 Malign Gateway           Summ/Tloc      0%         N/A       100%        7
 Orb of Destruction       Conj           0%         9d5       100%        7


Dungeon Overview and Level Annotations

Branches:
Dungeon (12/15)            Temple (1/1) D:4            Lair (0/5) D:11
    Orc (0/2) D:10         Bailey (visited)

Altars:
Ashenzari
Cheibriados
Dithmenos
Elyvilon
Fedhas
Gozag
Hepliaklqana
Kikubaaqudgha
Makhleb
Nemelex Xobeh
Okawaru
Qazlal
Ru
Sif Muna
Trog
Uskayaw
Vehumet
Wu Jian
Xom
Yredelemnul
Zin
The Shining One

Shops:
D:1 =   D:8 *   D:12 (

Annotations:
D:4 1 runed translucent door, Crazy Yiuf
Temple 2 transporters


Innate Abilities, Weirdness & Mutations

You cannot be hasted, slowed, berserked, paralysed or teleported.
You can dig through walls and to a lower floor.
You have a pair of large antennae on your head. (SInv)
Your four strong arms can wield two-handed weapons with a shield.


Message History

A tengu conjurer comes into view. It is wielding a +0 lajatang.
The tengu reaver hits you with a +0 battleaxe!
* * * LOW HITPOINT WARNING * * *
The tengu reaver pecks you but does no damage.
The tengu reaver closely misses you.
You open the lid... ...and a larval batweird beast flies out!
The box is emptied!
The ynoxinul gestures.
You block the tengu reaver's attack. x3
You swap places.
A deep elf zephyrmancer comes into view.
It is wielding a +0 dagger.
Your larval batweird beast hits the tengu reaver.
Your larval batweird beast misses the tengu reaver.
The deep elf demonologist gestures wildly while chanting.
The tengu reaver hits your larval batweird beast with a +0 battleaxe!
The tengu reaver pecks your larval batweird beast.
The tengu reaver claws your larval batweird beast.
Your larval batweird beast dies!
Your larval batweird beast's corpse disappears in a puff of smoke!
There is an open door here.
You enter the shallow water.
Moving in this stuff is going to be slow. ...and don't expect to remain undetected.
The deep elf zephyrmancer points at you and mumbles some strange words.
The bolt of lightning misses you.
Your unstable footing causes you to fumble your attack.
You block the tengu conjurer's attack. x3
The deep elf demonologist gestures wildly while chanting.
Your unstable footing causes you to fumble your attack.
A deep elf pyromancer comes into view. It is wielding a +0 rapier.
The tengu conjurer casts a spell at you.
The bolt of lightning misses you.
Your unstable footing causes you to fumble your attack.
The deep elf demonologist gestures wildly while chanting.
You block the tengu reaver's attack. x2
The tengu reaver claws you but does no damage.
The ynoxinul gestures at you.
The iron shot misses the tengu reaver.
The iron shot hits you!!
You die...

#### .≈ #...
####+'####### #.##
#≈≈≈~~≈≈≈≈≈≈# #...
#≈##.....##≈######
###+###
#≈#...⌠...#≈#.....
....{#
#≈..⌠...⌠..≈#§§###
#54###Qe.......)≈#.....
{#223Q@.⌠.._.e⌠.)'..###
#2e###≈§.......)≈#.....
..53{#
#≈..⌠...⌠..≈#..###
###+###
#≈#...⌠...#≈#.....
#≈##.....##≈######
#≈≈≈≈≈≈≈≈≈≈≈#
#############


You could see a tengu reaver, a hell beast (summoned), a lorocyproca (summoned,
invisible), a reaper (summoned), a deep elf demonologist, an ice devil
(summoned), a deep elf pyromancer, a deep elf zephyrmancer, a ynoxinul
(summoned), a tengu conjurer and an ufetubus (summoned).

Vanquished Creatures
  The ghost of Vivialdi the Basher, a journeyman MiBe of Trog (D:11)
  A hydra (D:11)
  A boulder beetle (D:12)
  A two-headed ogre (D:10)
  2 wizards (D:12)
  3 deep elf pyromancers (D:12)
  An orc knight (Bailey)
  An unseen horror (D:11)
  6 kobold demonologists (D:12)
  A tengu conjurer (D:12)
  2 trolls
  3 slime creatures (D:12)
  2 wyverns (D:8)
  3 shadows
  2 wraiths
  11 yaks
  A steam dragon (D:9)
  3 acid dragons
  Edmund (D:4)
  2 water moccasins
  2 ice beasts
  A sky beast (D:6)
  6 orc warriors
  3 black bears
  An ogre (D:7)
  4 centaurs
  7 kobold brigands (Bailey)
  3 bullfrogs
  3 scorpions
  2 gnoll sergeants
  6 howler monkeys
  2 hounds
  2 jellies (D:7)
  3 orc priests
  3 gnoll boudas
  An iguana (D:6)
  4 orc wizards
  4 sleepcaps
  Robin (D:2)
  15 gnolls
  8 adders
  A shadow imp (D:5)
  4 white imps
  A dart slug (D:3)
  19 orcs
  3 endoplasms
  4 giant cockroaches
  9 goblins
  8 hobgoblins
  3 quokkas
  7 ball pythons
  7 bats
  5 frilled lizards
  13 kobolds
  3 rats
216 creatures vanquished.

Notes
Turn   | Place    | Note
-------+----------+-------------------------------------------
     0 | D:1      | lonewolfV2 the Formicid Fighter began the quest for the
                  | Orb.
     0 | D:1      | Reached XP level 1. HP: 18/18 MP: 1/1
   191 | D:1      | Reached XP level 2. HP: 22/24 MP: 2/2
   559 | D:1      | Found Usoudots's Jewellery Emporium.
   684 | D:1      | Found a faded altar of an unknown god.
   926 | D:2      | Reached XP level 3. HP: 30/30 MP: 3/3
   962 | D:2      | Identified the +3 helmet of Patterns {Regen+ rCorr Str-2}
   962 | D:2      | Noticed Robin
   971 | D:2      | Killed Robin
  1042 | D:2      | Reached XP level 4. HP: 35/37 MP: 4/4
  1659 | D:3      | Identified the +1 robe "Munesoa" {rF+}
  1807 | D:3      | Reached XP level 5. HP: 42/43 MP: 5/5
  1882 | D:3      | Reached skill level 5 in Fighting
  2725 | D:4      | Found a runed translucent door.
  2726 | D:4      | Noticed Crazy Yiuf
  2854 | D:4      | Noticed Edmund
  2867 | D:4      | Killed Edmund
  2868 | D:4      | Reached XP level 6. HP: 15/52 MP: 6/6
  3155 | D:4      | Found a staircase to the Ecumenical Temple.
  3305 | Temple   | Entered the Ecumenical Temple
  3305 | Temple   | Found a transporter.
  3305 | Temple   | Found a transporter.
  3307 | Temple   | Found a transporter.
  3307 | Temple   | Found a transporter.
  3339 | Temple   | Became a worshipper of Qazlal Stormbringer
  3608 | D:5      | Entered Level 5 of the Dungeon
  3635 | D:5      | Reached skill level 5 in Axes
  3683 | D:5      | Noticed a black bear
  3694 | D:5      | Killed a black bear
  3695 | D:5      | Reached XP level 7. HP: 47/59 MP: 7/7
  4565 | D:5      | Identified a scroll of acquirement
  4565 | D:5      | Acquired a manual of Shields
  4647 | D:6      | Reached XP level 8. HP: 40/67 MP: 8/8
  4893 | D:6      | Reached skill level 6 in Shields
  4906 | D:6      | Reached skill level 7 in Shields
  5149 | D:6      | Reached skill level 8 in Shields
  5267 | D:6      | Reached skill level 9 in Shields
  5841 | D:7      | Reached skill level 10 in Shields
  6214 | D:6      | Reached skill level 11 in Shields
  6571 | D:7      | Reached skill level 12 in Shields
  6949 | D:7      | Reached XP level 9. HP: 54/72 MP: 9/9
  6956 | D:7      | Reached skill level 13 in Shields
  7016 | D:7      | Found an ornate altar of the Wu Jian Council.
  7062 | D:7      | Found an opulent altar of Gozag.
  7077 | D:7      | Found the +6 shillelagh "Devastator" {shatter}
  7138 | D:7      | Reached skill level 1 in Maces & Flails
  7880 | D:8      | Reached * piety under Qazlal
  7883 | D:8      | Reached skill level 5 in Armour
  7891 | D:8      | Reached skill level 5 in Maces & Flails
  7904 | D:8      | Found Inas's Demolitions Depot.
  8185 | D:9      | Found a flagged portal.
  8244 | Bailey   | Entered a bailey
  8260 | Bailey   | Reached XP level 10. HP: 79/79 MP: 10/10
  8438 | Bailey   | Noticed an orc knight
  8458 | Bailey   | Killed an orc knight
  8614 | Bailey   | Found a bloodstained altar of Trog.
  8623 | Bailey   | Identified the +0 scale mail "Emeanebi" {*Slow rElec Int+5}
  9018 | D:9      | Found a shadowy altar of Dithmenos.
  9685 | D:10     | Entered Level 10 of the Dungeon
  9695 | D:10     | Reached ** piety under Qazlal
  9705 | D:10     | Reached XP level 11. HP: 52/84 MP: 11/11
 10145 | D:10     | Found a staircase to the Orcish Mines.
 10384 | D:10     | Noticed a two-headed ogre
 10391 | D:10     | Killed a two-headed ogre
 10392 | D:10     | Reached skill level 10 in Maces & Flails
 10618 | D:11     | Noticed Vivialdi's ghost (journeyman MiBe)
 10618 | D:11     | Found a runed translucent gate.
 10618 | D:11     | Found a runed translucent gate.
 10618 | D:11     | Found a runed translucent gate.
 10619 | D:11     | Noticed an 11-headed hydra
 10783 | D:11     | Found a staircase to the Lair.
 10849 | D:11     | Reached skill level 10 in Armour
 11157 | D:11     | Killed an 11-headed hydra
 11176 | D:11     | Killed Vivialdi's ghost
 11182 | D:11     | Identified the +3 war axe of Kironax {drain, +Blink}
 11248 | D:11     | Identified the +9 longbow of the Extremes {freeze, rF+
                  | Will++ rCorr}
 11293 | D:12     | Found Suxziusuo's Weapon Emporium.
 11296 | D:12     | Noticed a sun demon
 11411 | D:12     | Reached *** piety under Qazlal
 11482 | D:12     | Noticed a boulder beetle
 11505 | D:12     | Killed a boulder beetle
 11506 | D:12     | Reached XP level 12. HP: 91/91 MP: 12/12
 11873 | D:12     | Got Sif Muna's Compilation of Peccant Displacement
 11884 | D:12     | Found a shimmering blue altar of Sif Muna.
 11885 | D:12     | Noticed a sixfirhy
 11895 | D:12     | Noticed a sixfirhy
 11902 | D:12     | Reached skill level 10 in Fighting
 11922 | D:12     | Noticed a deep elf demonologist
 11927 | D:12     | Noticed a tengu reaver
 11933 | D:12     | Noticed a reaper
 11937 | D:12     | Noticed a hell beast
 11939 | D:12     | Killed from afar by a ynoxinul

Illustrated notes

Levels and vault maps discovered:
D:1:      minmay_arrival_cross, layout_loops_ring,
          shapermc_ecumenical_altar_mp_vishouse, serial_shops,
          nicolae_shop_pleasant_corner_grove, minmay_worlds_worst_comb
D:2:      layout_basic, uniq_robin
D:3:      minmay_spotlight, layout_basic
D:4:      layout_loops_cross, minmay_temple_entry_enclosed_plants,
          uniq_crazy_yiuf_cottage, uniq_edmund
D:5:      layout_loops_ring, mumra_transporter_accident
D:6:      layout_loops_ring
D:7:      layout_cave_pools, mainiacjoe_overflow_catwalk_spiral,
          minmay_checkerbox
D:8:      layout_basic, nicolae_blasting_shop
D:9:      layout_basic, lemuel_round_altar, enter_bailey_2, serial_rivers,
          chequers_serial_rivers_room_a, chequers_serial_rivers_small_3,
          chequers_serial_rivers_small_3, chequers_serial_rivers_large_a,
          ebering_dispersal_statue_hall
D:10:     layout_gridville, orc_0_dummy
D:11:     layout_cave_pools, lair_entry_dummy, gammafunk_ghost_hydra_chop
D:12:     evilmike_library_of_no_secrets, layout_basic, serial_shops,
          nicolae_square_shop
Temple:   hellmonk_temple_divided_pantheon

Skill      XL: |  1  2  3  4  5  6  7  8  9 10 11 12 |
---------------+-------------------------------------+-----
Fighting       | 4 5 6 7 10 | 10.4
Axes           | 3 4 5 6 |  6.1
Shields        | 12 13 | 13.5
Maces & Flails | 5 9 10 | 10.1
Armour         | 5 7 12 | 12.3

Action                     |  1- 3 |  4- 6 |  7- 9 | 10-12 || total
---------------------------+-------+-------+-------+-------++-------
  Melee: War axe           |    57 |   138 |   136 |       ||   331
         Shillelagh        |       |       |    58 |   237 ||   295
  Evoke: Box of beasts     |       |       |       |     1 ||     1
    Use: Scroll            |     5 |     6 |     7 |     2 ||    20
         Potion            |       |     4 |     2 |     5 ||    11
 Armour: Scale mail        |    29 |    65 |    36 |       ||   130
         Chain mail        |       |       |    57 |   102 ||   159
  Dodge: Dodged            |    20 |    71 |    81 |    70 ||   242
  Block: Buckler           |    15 |    42 |    82 |   157 ||   296
         Reflection        |       |       |       |     3 ||     3
